 Dungeon Crawl Stone Soup version 0.19.1-1-g22dce08 (webtiles) character file.

56631 MovingMist the Fighter (level 14, -2/96 HPs)
             Began as a Gargoyle Fighter on Jan 19, 2017.
             Was the Champion of Okawaru.
             Killed from afar by Squonk's ghost (30 damage)
             ... with a flame tongue
             ... on level 1 of the Shoals.
             The game lasted 01:01:19 (15790 turns).

MovingMist the Fighter (Gargoyle Fighter)          Turns: 15790, Time: 01:01:21

Health: -2/96      AC: 33    Str: 30    XL:     14   Next: 82%
Magic:  12/12      EV: 11    Int: 10    God:    Okawaru [******]
Gold:   579        SH: 17    Dex: 17    Spells: 1 memorised, 11 levels left

rFire  . . .     SeeInvis .     I - +5 mace of Offence {freeze, Dex+2}
rCold  + + .     Gourm    .     w - +1 crystal plate armour
rNeg   + + .     Faith    .     F - +3 shield of Tender Moments {+Fly}
rPois  ∞         Spirit   .     (helmet restricted)
rElec  +         Reflect  .     T - +2 cloak "Fuoxoasm" {rF+ Dex+2}
rCorr  .         Harm     .     U - +1 pair of gloves {Str+3}
MR     +....     Clarity  +     j - +0 pair of boots
Stlth  .......... Rnd*Tele +    J - amulet of magic regeneration
                                s - ring "Qaesuits" {Ice *Drain rN+ Str+3}
                                X - ring "Wyt Qed" {rC+ Dex+2}

@: flying
A: antennae 1, big wings, blink, clarity, clever 1, low mp 1, negative energy
resistance 1, sense surroundings 1, electricity resistance, teleportitis 1,
unbreathing, evolution 1, petrification resistance, rot immunity, AC +9
a: Stop Flying, Blink, Heroism, Finesse, Renounce Religion


You were on level 1 of the Shoals.
You worshipped Okawaru.
Okawaru was exalted by your worship.
You were not hungry.

You visited 5 branches of the dungeon, and saw 19 of its levels.
You also visited: Volcano.

You collected 1239 gold pieces.
You spent 660 gold pieces at shops.

Inventory:

Hand Weapons
 e - a +3 demon blade of venom
 I - the +5 mace of Offence (weapon) {freeze, Dex+2}
   (Okawaru gifted it to you on level 1 of the Snake Pit)

   It has been specially enchanted to freeze those struck by it, causing extra
   injury to most foes and up to half again as much damage against particularly
   susceptible opponents.
   It can also slow down cold-blooded creatures.
   It affects your dexterity (+2).
Missiles
 S - 3 steel tomahawks (quivered)
Armour
 j - a +0 pair of boots (worn)
 w - a +1 crystal plate armour (worn)
 F - the +3 shield of Tender Moments (worn) {+Fly}
   (You bought it in a shop on level 1 of the Snake Pit)

   It lets you fly.
 G - a +0 plate armour
 L - a +2 pair of gloves
 T - the +2 cloak "Fuoxoasm" (worn) {rF+ Dex+2}
   (Okawaru gifted it to you on level 1 of the Lair of Beasts)

   It affects your dexterity (+2).
   It protects you from fire.
 U - a +1 pair of gloves of strength (worn)
Jewellery
 s - the ring "Qaesuits" (right hand) {Ice *Drain rN+ Str+3}
   (You found it on level 1 of the Lair of Beasts)

   [ring of ice]

   It enhances your ice magic.
   It affects your strength (+3).
   It makes you vulnerable to fire.
   It protects you from cold.
   It protects you from negative energy.
   It causes draining when unequipped.
 D - an uncursed ring of positive energy
 H - a cursed ring of teleportation {unknown}
 J - an amulet of magic regeneration (around neck)
 N - a +2 ring of strength {unknown}
 X - the ring "Wyt Qed" (left hand) {rC+ Dex+2}
   (You found it on level 5 of the Lair of Beasts)

   [ring of protection from cold]

   It affects your dexterity (+2).
   It protects you from cold.
Wands
 a - a wand of paralysis (5/24)
 c - a wand of paralysis (15/24)
 l - a wand of heal wounds (6/9)
 o - a wand of digging (11/24)
 t - a wand of flame (24/48)
 v - a wand of polymorph (10/24)
 Z - a wand of digging (15/24)
Scrolls
 i - 4 scrolls of fog {unknown}
 r - 3 scrolls of fear {unknown}
 x - a scroll of amnesia
 y - 5 scrolls of recharging {unknown}
 B - a scroll of acquirement {unknown}
 C - 3 scrolls of magic mapping {unknown}
 E - 7 scrolls of teleportation {unknown}
 K - a scroll of silence {unknown}
 P - a scroll of summoning {unknown}
 Q - 4 scrolls of remove curse
Potions
 b - a potion of resistance {unknown}
 d - 3 potions of might
 h - 2 potions of magic
 m - 3 potions of degeneration {unknown}
 z - a potion of ambrosia {unknown}
 A - 3 potions of agility {unknown}
 R - 4 potions of haste {unknown}
Books
 n - a book of Debilitation

   Spells                             Type                      Level
   a - Corona                         Hexes                        1
   b - Slow                           Hexes                        2
   c - Gell's Gravitas                Hexes/Translocation          3
   d - Inner Flame                    Hexes/Fire                   3
   e - Cause Fear                     Hexes                        4
   f - Leda's Liquefaction            Hexes/Earth                  4
Comestibles
 f - 6 bread rations
 g - a slice of pizza
 k - 5 beef jerkies
 p - 2 royal jellies
 q - 4 meat rations
 u - 14 fruits
 M - 3 chunks of flesh


   Skills:
 + Level 14.1 Fighting
 + Level 12.6 Maces & Flails
 - Level 3.2 Armour
 - Level 12.2 Dodging
 * Level 12.2 Shields


You had 11 spell levels left.
You knew the following spells:

 Your Spells              Type           Power        Failure   Level  Hunger
a - Repel Missiles        Chrm/Air       #.....       100%        2    ###....


Dungeon Overview and Level Annotations

Branches:
Dungeon (10/15)            Temple (1/1) D:5            Lair (6/6) D:9
 Shoals (1/4) Lair:2        Snake (1/4) Lair:4        Slime (0/5) Lair:6
    Orc: D:9-12

Altars:
Dithmenos
Kikubaaqudgha
Makhleb
Okawaru
Sif Muna
Trog
Yredelemnul
Jiyva

Shops:
D:6 !*   D:8 =   Snake:1 ![*[

Portals:
Hell: Lair:6

Annotations:
Shoals:1 Squonk's ghost, journeyman DEFE


Innate Abilities, Weirdness & Mutations

You are resistant to torment.
Your stone body is resilient. (AC +9)
You are immune to poison.
Your large and strong wings let you fly indefinitely.
You resist negative energy. (rN+)
You are resistant to electric shocks. (rElec)
You can survive without breathing.
You are immune to petrification.
You are immune to rotting.
You have a pair of small antennae on your head.
You can translocate small distances at will.
You possess an exceptional clarity of mind.
Your mind is acute. (Int +2)
Your magical capacity is low. (-10% MP)
You passively map a small area around you.
You are occasionally teleported next to monsters.
You evolve.


Message History

Okay, then.
You feel better.
The merfolk hits you but does no damage.
The merfolk closely misses you.
You see here 22 gold pieces.
You sock Squonk's ghost! You freeze Squonk's ghost.
Squonk's ghost is moderately damaged.
You block Squonk's ghost's attack.
Your crystal plate armour prevents you from hitting Squonk's ghost.
Squonk's ghost is moderately damaged.
You block the merfolk's attack.
Squonk's ghost hits you but does no damage.
The wind drake exhales a fierce blast of wind!
Your crystal plate armour prevents you from hitting Squonk's ghost.
Squonk's ghost is moderately damaged.
The wind drake exhales a fierce blast of wind!
The merfolk hits you but does no damage.
Squonk's ghost points at you and mumbles some strange words.
The flame tongue hits you!
You die...

≈≈≈≈≈≈..≈≈≈≈≈≈≈≈≈≈≈P≈P≈P.
≈≈≈≈≈≈.#.≈≈≈≈≈≈≈≈≈≈≈....[
≈≈≈≈≈≈.#.≈≈≈≈≈≈≈≈≈≈≈≈≈...
≈≈≈≈≈≈≈≈≈..≈≈≈≈≈≈≈≈≈≈≈≈≈..≈
≈≈≈≈≈≈≈≈≈≈≈≈≈≈≈≈≈≈≈≈≈≈.[≈
≈≈≈≈≈≈≈≈≈≈≈≈≈≈≈≈≈≈≈≈≈...≈ ≈
≈≈≈≈≈≈≈≈≈m.m.≈≈≈≈≈≈≈....≈
≈≈≈≈≈≈≈kW###.≈≈≈.≈≈≈....≈
≈≈≈≈≈≈≈≈@# #.≈≈≈........≈
≈≈≈≈≈≈≈≈.###..≈.....≈≈..≈
≈≈≈≈≈≈≈≈P.......#.......≈
≈≈≈≈≈≈≈≈≈≈≈≈..#....>.....
≈≈≈≈≈≈≈≈≈≈≈P≈.#.....#....
≈≈≈≈≈≈≈P≈≈PP≈....≈.......
≈≈≈≈≈≈≈≈≈≈≈≈≈P...≈≈......
≈≈≈≈≈≈≈≈≈≈PP≈P...≈[...,
≈≈≈≈≈≈≈≈P≈≈......


You could see a wind drake, a merfolk and Squonk's ghost.

Vanquished Creatures
  Harold (Lair:4)
  2 naga warriors (Snake:1)
  5 hydras
  A catoblepas (Lair:6)
  3 anacondas (Snake:1)
  A centaur warrior (Volcano)
  3 death yaks (Lair:6)
  The ghost of Squonk the Slinger, a journeyman SpHu of Okawaru (Volcano)
  A sun demon (Lair:6)
  A hell knight (Volcano)
  A sixfirhy (Lair:6)
  A naga ritualist (Snake:1)
  A wizard (Lair:6)
  2 mana vipers (Snake:1)
  A manticore (Lair:2)
  10 elephants (Lair:6)
  2 naga magi (Snake:1)
  12 black mambas
  A smoke demon (Lair:6)
  3 orange demons (Lair:6)
  9 spiny frogs
  5 komodo dragons
  7 rime drakes
  2 yaktaurs (Volcano)
  2 red devils (Lair:6)
  A merfolk (Shoals:1)
  3 ice devils (Lair:6)
  A troll (D:9)
  2 polar bears
  A wind drake (Shoals:1)
  4 hornets
  Prince Ribbit (D:6)
  Grinder (D:3)
  10 hippogriffs
  20 dream sheep
  A snapping turtle (Shoals:1)
  7 blink frogs
  5 wyverns
  12 spriggans (Lair:4)
  25 yaks
  3 basilisks
  Grum (D:8)
  A hungry ghost (D:8)
  6 nagas (Snake:1)
  A hell hound (Lair:6)
  19 water moccasins
  An orc warrior (D:6)
  10 porcupines
  A black bear (Lair:1)
  4 ogres
  3 boggarts (Lair:4)
  A sky beast (D:7)
  6 wolves
  5 centaurs
  14 crocodiles
  A big kobold (D:9)
  11 bullfrogs
  A gnoll sergeant (D:6)
  3 scorpions
  5 wights (D:6)
  4 howler monkeys
  A bullfrog zombie (D:7)
  2 centaur zombies
  2 crimson imps
  A quasit (D:9)
  An orc priest (D:3)
  6 hounds
  4 jellies
  A bullfrog skeleton (D:7)
  Crazy Yiuf (D:2)
  Terence (D:3)
  Ijyb (D:3)
  Natasha (thrice) (D:3)
  4 orc wizards
  4 worker ants
  A worker ant zombie (D:9)
  A howler monkey zombie (D:5)
  Robin (D:4)
  3 gnolls (D:6)
  9 river rats
  18 adders
  A howler monkey skeleton (D:5)
  2 shadow imps
  3 oozes
  An adder zombie (D:6)
  An adder skeleton (D:7)
  A dart slug (D:1)
  A worm (D:3)
  5 leopard geckos
  20 orcs
  4 giant cockroaches
  16 goblins
  12 hobgoblins
  19 jackals
  18 kobolds
  6 quokkas
  8 bats
  3 frilled lizards
  A jackal zombie (D:5)
  A leopard gecko skeleton (D:5)
  A quokka skeleton (D:6)
  26 rats
  A butterfly (Lair:6)
489 creatures vanquished.

Vanquished Creatures (others)
  2 centaurs (Volcano)
  An orc (D:3)
  3 fungi (Lair:6)
  5 plants (Lair:6)
11 creatures vanquished.

Grand Total: 500 creatures vanquished

Notes
Turn   | Place    | Note
-------+----------+-------------------------------------------
     0 | D:1      | MovingMist the Gargoyle Fighter began the quest for the Orb.
     0 | D:1      | Reached XP level 1. HP: 14/14 MP: 1/1
   197 | D:1      | Reached XP level 2. HP: 17/19 MP: 2/2
   426 | D:1      | Reached skill level 1 in Dodging
   660 | D:1      | Reached XP level 3. HP: 23/24 MP: 3/3
   834 | D:2      | Found a basalt altar of Yredelemnul.
   884 | D:2      | Reached XP level 4. HP: 27/29 MP: 4/4
   935 | D:2      | Found a runed door.
   939 | D:2      | Noticed Crazy Yiuf
   958 | D:2      | Killed Crazy Yiuf
   958 | D:2      | Reached skill level 4 in Fighting
  1326 | D:2      | Reached XP level 5. HP: 32/33 MP: 5/5
  2143 | D:3      | Reached XP level 6. HP: 26/39 MP: 6/6
  2171 | D:3      | Noticed Natasha
  2176 | D:3      | Killed Natasha
  2208 | D:3      | Noticed Terence
  2261 | D:3      | Killed Terence
  2424 | D:3      | Noticed Natasha
  2438 | D:3      | Killed Natasha
  2504 | D:3      | Noticed Ijyb
  2512 | D:3      | Killed Ijyb
  2512 | D:3      | Reached skill level 5 in Fighting
  2516 | D:3      | Found a bloodstained altar of Trog.
  2689 | D:3      | Found a bloodstained altar of Trog.
  2758 | D:3      | Noticed Grinder
  2759 | D:3      | Noticed Natasha
  2762 | D:3      | Killed Grinder
  2762 | D:3      | Reached XP level 7. HP: 38/44 MP: 7/7
  2764 | D:3      | Killed Natasha
  3105 | D:4      | Noticed Robin
  3150 | D:4      | Killed Robin
  3326 | D:4      | Reached skill level 5 in Dodging
  3389 | D:4      | Reached XP level 8. HP: 37/51 MP: 8/8
  3985 | D:5      | Entered Level 5 of the Dungeon
  3993 | D:5      | Found a staircase to the Ecumenical Temple.
  4014 | Temple   | Entered the Ecumenical Temple
  4019 | Temple   | Became a worshipper of Warmaster Okawaru
  4048 | D:5      | Found a shadowy altar of Dithmenos.
  4104 | D:5      | Reached skill level 6 in Fighting
  4202 | D:5      | Found an ancient bone altar of Kikubaaqudgha.
  4203 | D:5      | Found a deep blue altar of Sif Muna.
  4391 | D:6      | Noticed Prince Ribbit
  4402 | D:6      | Reached skill level 5 in Maces & Flails
  4430 | D:6      | Killed Prince Ribbit
  4430 | D:6      | Reached * piety under Okawaru
  4497 | D:6      | Reached skill level 7 in Fighting
  4497 | D:6      | Reached XP level 9. HP: 35/57 MP: 3/9
  4518 | D:6      | Found Goostrem's General Store.
  4597 | D:6      | Found Koihuaha's Distillery.
  4597 | D:6      | Found a burning altar of Makhleb.
  4607 | D:6      | Bought a potion of mutation for 37 gold pieces
  4609 | D:6      | Gained mutation: Your large and strong wings let you fly indefinitely. [potion of mutation]
  4609 | D:6      | Gained mutation: Scrolls take you a little longer to read. [potion of mutation]
  4609 | D:6      | Gained mutation: Your magical capacity is low. (-10% MP) [potion of mutation]
  4610 | D:6      | Gained mutation: You evolve. [potion of mutation]
  4610 | D:6      | Gained mutation: You have a pair of small antennae on your head. [potion of mutation]
  5173 | D:7      | Reached ** piety under Okawaru
  5510 | D:7      | Gained mutation: You are occasionally teleported next to monsters. [mutagenic meat]
  5511 | D:7      | Gained mutation: You passively map a small area around you. [mutagenic meat]
  5513 | D:7      | Gained mutation: Your mind is acute. (Int +2) [mutagenic meat]
  5713 | D:8      | Found Ziex's Jewellery Emporium.
  5732 | D:8      | Noticed Grum
  5747 | D:8      | Reached skill level 8 in Fighting
  5754 | D:8      | Killed Grum
  5861 | D:8      | Reached XP level 10. HP: 64/64 MP: 9/9
  6050 | D:8      | Reached *** piety under Okawaru
  6422 | D:9      | Reached skill level 9 in Fighting
  6448 | D:9      | Reached **** piety under Okawaru
  6573 | D:9      | Found a staircase to the Lair.
  7148 | D:10     | Entered Level 10 of the Dungeon
  7158 | D:10     | Noticed a hill giant
  7218 | Lair:1   | Entered Level 1 of the Lair of Beasts
  7218 | Lair:1   | Noticed a spiny frog
  7235 | Lair:1   | Killed a spiny frog
  7235 | Lair:1   | Reached XP level 11. HP: 71/71 MP: 9/9
  7250 | Lair:1   | Noticed a four-headed hydra
  7257 | Lair:1   | Killed a four-headed hydra
  7257 | Lair:1   | Reached ***** piety under Okawaru
  7257 | Lair:1   | Reached skill level 10 in Dodging
  7277 | Lair:1   | Got a scorched copper ring
  7282 | Lair:1   | Identified the ring "Qaesuits" {Ice *Drain rN+ Str+3} (You found it on level 1 of the Lair of Beasts)
  7364 | Lair:1   | Received a gift from Okawaru
  7401 | Lair:1   | Reached skill level 10 in Fighting
  7411 | Lair:1   | Received a gift from Okawaru
  7416 | Lair:1   | Got a polished cloak {god gift}
  7432 | Lair:1   | Identified the +2 cloak "Fuoxoasm" {rF+ Dex+2} (Okawaru gifted it to you on level 1 of the Lair of Beasts)
  8004 | Lair:2   | Found a staircase to the Shoals.
  8004 | Lair:2   | Noticed a manticore
  8021 | Lair:2   | Killed a manticore
  8182 | Lair:2   | Found a dark tunnel.
  8207 | Volcano  | Entered a volcano
  8244 | Volcano  | Noticed Squonk's ghost (journeyman SpHu)
  8284 | Volcano  | Noticed a centaur warrior
  8336 | Volcano  | Killed a centaur warrior
  8400 | Volcano  | Killed Squonk's ghost
  8470 | Volcano  | Noticed a hell knight
  8514 | Volcano  | Killed a hell knight
  8514 | Volcano  | Reached XP level 12. HP: 29/79 MP: 10/10
  8724 | Shoals:1 | Entered Level 1 of the Shoals
  9261 | Lair:2   | Learned a level 2 spell: Repel Missiles
  9437 | Lair:3   | Reached skill level 11 in Fighting
  9968 | Lair:3   | Reached ****** piety under Okawaru
 10251 | Lair:4   | Reached skill level 10 in Maces & Flails
 10325 | Lair:4   | Found a staircase to the Snake Pit.
 10350 | Snake:1  | Entered Level 1 of the Snake Pit
 10372 | Snake:1  | Received a gift from Okawaru
 10375 | Snake:1  | Got a fine mace {god gift}
 10376 | Snake:1  | Identified the +5 mace of Offence {freeze, Dex+2} (Okawaru gifted it to you on level 1 of the Snake Pit)
 10633 | Snake:1  | Found Vuiraub's Armour Emporium.
 10639 | Snake:1  | Found Voitoi's Distillery.
 10650 | Snake:1  | Found Ihin's General Store.
 10652 | Snake:1  | Bought the +3 shield of Tender Moments {+Fly} for 543 gold pieces
 10666 | Snake:1  | Found Qadd's Armour Emporium.
 10668 | Snake:1  | Bought a potion of heal wounds for 80 gold pieces
 10697 | Snake:1  | Noticed a naga warrior
 10697 | Snake:1  | Noticed an anaconda
 10732 | Snake:1  | Killed an anaconda
 10742 | Snake:1  | Killed a naga warrior
 10742 | Snake:1  | Received a gift from Okawaru
 10876 | Snake:1  | Noticed a naga warrior
 10911 | Snake:1  | Killed a naga warrior
 10911 | Snake:1  | Reached skill level 12 in Fighting
 10911 | Snake:1  | Reached skill level 5 in Shields
 10963 | Snake:1  | Noticed an anaconda
 10977 | Snake:1  | Killed an anaconda
 10977 | Snake:1  | Reached XP level 13. HP: 33/86 MP: 11/11
 11492 | Lair:4   | Received a gift from Okawaru
 11523 | Lair:4   | Noticed Harold
 11610 | Lair:4   | HP: 3/87 [Harold/bolt of fire (3)]
 11612 | Lair:4   | Killed Harold
 12891 | Lair:5   | Got a warped granite ring
 12901 | Lair:5   | Identified the ring "Wyt Qed" {rC+ Dex+2} (You found it on level 5 of the Lair of Beasts)
 12926 | Lair:5   | Reached skill level 13 in Fighting
 13165 | Lair:5   | Gained mutation: You can translocate small distances at will. [potion of mutation]
 13165 | Lair:5   | Gained mutation: You possess an exceptional clarity of mind. [potion of mutation]
 13550 | Lair:6   | Entered Level 6 of the Lair of Beasts
 13585 | Lair:6   | Received a gift from Okawaru
 13634 | Lair:6   | Mutation became permanent: Your large and strong wings let you fly indefinitely. [Gargoyle growth]
 13634 | Lair:6   | Reached XP level 14. HP: 47/94 MP: 12/12
 13721 | Lair:6   | Reached skill level 10 in Shields
 13885 | Lair:6   | Found a runed door.
 13886 | Lair:6   | Found a viscous altar of Jiyva.
 13888 | Lair:6   | Found a staircase to the Slime Pits.
 14177 | Lair:6   | Received a gift from Okawaru
 14184 | Lair:6   | Found a burning altar of Makhleb.
 14969 | Lair:6   | Received a gift from Okawaru
 14969 | Lair:6   | Reached skill level 14 in Fighting
 15248 | Lair:6   | Lost mutation: Scrolls take you a little longer to read. [potion of mutation]
 15309 | Lair:6   | Found a gateway to Hell.
 15760 | Shoals:1 | Noticed Squonk's ghost (journeyman DEFE)
 15790 | Shoals:1 | Killed from afar by Squonk's ghost

Skill      XL: |  1  2  3  4  5  6  7  8  9 10 11 12 13 14 |
---------------+-------------------------------------------+-----
Dodging        | 1 2 3 4 5 6 8 9 11 12 | 12.2
Fighting       | 4 5 7 8 9 10 12 13 14 | 14.1
Maces & Flails | 3 4 5 6 8 9 10 11 12 | 12.6
Shields        | 5 9 12 | 12.2
Armour         | |  3.2

Action                   |  1- 3 |  4- 6 |  7- 9 | 10-12 | 13-15 || total
-------------------------+-------+-------+-------+-------+-------++-------
Melee: Flail             |   135 |    20 |       |       |       ||   155
       Quarterstaff      |       |    41 |       |       |       ||    41
       Whip              |       |   353 |   321 |   623 |       ||  1297
       Mace              |       |       |       |   129 |   954 ||  1083
Invok: Heroism           |       |       |       |     2 |     2 ||     4
 Abil: Fly               |       |       |     1 |       |       ||     1
  Use: Potion            |       |     1 |     2 |    11 |     6 ||    20
       Scroll            |       |     9 |     6 |     4 |       ||    19
  Eat: Chunk             |       |     7 |    17 |    10 |    14 ||    48
       Pizza             |       |       |       |     1 |       ||     1
       Fruit             |       |       |       |     1 |     2 ||     3
       Meat ration       |       |       |       |     1 |       ||     1
       Beef jerky        |       |       |       |       |     1 ||     1
Armor: Scale mail        |    87 |   141 |       |       |       ||   228
       Chain mail        |       |    30 |   152 |    56 |       ||   238
       Plate armour      |       |       |       |   258 |   360 ||   618
       Crystal plate arm |       |       |       |       |    29 ||    29
Dodge: Dodged            |    44 |   137 |    93 |   240 |   377 ||   891
Block: Shield            |    78 |   144 |   174 |   307 |   811 ||  1514
